 Dungeon Crawl Stone Soup version 0.24.0 (webtiles) character file.

Game seed: 15141533886404313566, levelgen mode: deterministic

63 Buxparty the Skirmisher (level 4, -2/29 HPs)
             Began as a Gargoyle Fighter on Feb 16, 2020.
             Slain by Grinder (5 damage)
             ... on level 3 of the Dungeon.
             The game lasted 00:02:35 (1357 turns).

Buxparty the Skirmisher (Gargoyle Fighter)          Turns: 1357, Time: 00:02:36

Health: -2/29      AC: 10    Str: 21    XL:     4   Next: 10%
Magic:  4/4        EV:  7    Int:  8    God:
Gold:   90         SH:  9    Dex:  9    Spells: 3/3 levels left

rFire    . . .     SeeInvis .   a - +0 long sword
rCold    . . .     Gourm    .   c - +0 shield
rNeg     + . .     Faith    .   b - +0 scale mail
rPois    ∞         Spirit   .   (no helmet)
rElec    +         Reflect  .   (no cloak)
rCorr    .         Harm     .   (no gloves)
MR       .....                  (no boots)
Stlth    ..........             (no amulet)
HPRegen  0.09/turn              (no ring)
MPRegen  0.09/turn              (no ring)

@: no status effects
A: negative energy resistance 1, electricity resistance, unbreathing,
petrification resistance, rot immunity, AC +3
a: no special abilities


You were on level 3 of the Dungeon.
You were not hungry.

You visited 1 branch of the dungeon, and saw 3 of its levels.

You collected 90 gold pieces.

Inventory:

Hand Weapons
 a - a +0 long sword (weapon)
Armour
 b - a +0 scale mail (worn)
 c - a +0 shield (worn)
Scrolls
 e - 2 scrolls of identify {unknown}
 g - a scroll of teleportation {unknown}
 h - a scroll of fear {unknown}
 j - a scroll of blinking {unknown}
 m - a scroll of amnesia {unknown}
 o - 2 scrolls of enchant weapon {unknown}
 p - a scroll of remove curse {unknown}
 q - a scroll of noise {unknown}
Potions
 d - a potion of might
 i - a potion of agility {unknown}
 k - a potion of degeneration {unknown}
 l - a potion of flight {unknown}
 n - a potion of ambrosia {unknown}
 r - a potion of haste {unknown}
Comestibles
 f - 7 rations


   Skills:
 + Level 3.8 Fighting
 * Level 2.7 Long Blades
 + Level 3.7 Armour
 + Level 3.8 Shields


You had 3 spell levels left.
You didn't know any spells.
Your spell library was empty.

Dungeon Overview and Level Annotations

Branches:
Dungeon (3/15)

Altars:

Annotations:
D:3 Grinder


Innate Abilities, Weirdness & Mutations

You are resistant to torment.
Your stone body is resilient. (AC +3)
You are immune to poison.
You resist negative energy. (rN+)
You are resistant to electric shocks. (rElec)
You can survive without breathing.
You are immune to petrification.
You are immune to rotting.


Message History

Grinder hits you.
* * * LOW HITPOINT WARNING * * *
You writhe in agony.
* * * LOW HITPOINT WARNING * * *
The goblin barely misses you.
You hit Grinder.
Grinder is heavily wounded.
Grinder hits you but does no damage. You block the goblin's attack.
You hit Grinder.
Grinder is heavily wounded.
Grinder hits you but does no damage. You block the goblin's attack.
You block Grinder's attack. The goblin hits you but does no damage.
You hit Grinder but do no damage.
Grinder is heavily wounded.
You block Grinder's attack. The goblin hits you.
* * * LOW HITPOINT WARNING * * *
You hit Grinder but do no damage.
Grinder is heavily wounded.
Grinder hits you.
You die...

..............##....#
..###........# ..[.##
.........?.##.....#.
....##..##..........
.... #..##........#
... #...#........# ..
#...#........#
#.......g.#+###
.........@.......
.#....$.##5......
.......># .......
##.....## .......
#..... .......
....... .......
....... .......
.......


You could see Grinder and a goblin.

Vanquished Creatures
  An adder (D:2)
  A dart slug (D:1)
  2 leopard geckos (D:2)
  2 ball pythons (D:1)
  6 bats
  5 giant cockroaches
  5 goblins
  9 hobgoblins
  4 jackals (D:3)
  2 frilled lizards (D:2)
  2 kobolds (D:1)
  7 rats
46 creatures vanquished.

Notes
Turn   | Place    | Note
-------+----------+-------------------------------------------
     0 | D:1      | Buxparty the Gargoyle Fighter began the quest for the Orb.
     0 | D:1      | Reached XP level 1. HP: 14/14 MP: 1/1
    98 | D:1      | Reached XP level 2. HP: 19/19 MP: 2/2
   448 | D:1      | Reached XP level 3. HP: 23/23 MP: 3/3
  1267 | D:3      | Reached XP level 4. HP: 27/29 MP: 4/4
  1333 | D:3      | Noticed Grinder
  1357 | D:3      | Slain by Grinder

Levels and vault maps discovered:
D:1:      tarquinn_simple_flora_water_d, layout_loops_cross,
          corexii_hall_statues_s
D:2:      layout_loops_ring, minmay_misc_feat_hallway
D:3:      layout_basic, eat_drink_and_be_merry_uskayaw,
          chequers_ecumenical_altar_lobes, eino_tiny_chamber, uniq_grinder,
          uniq_crazy_yiuf_cottage
